 Dungeon Crawl Stone Soup version 0.21.1-1-g345015f (webtiles) character file.

83568 wojtek the Champion of Chaos (level 15, -7/134 HPs)
             Began as a Minotaur Fighter on July 1, 2018.
             Was the Champion of Makhleb.
             Mangled by a sixfirhy (14 damage)
             ... summoned by an orc sorcerer
             ... on level 1 of the Orcish Mines.
             The game lasted 00:41:38 (23511 turns).

wojtek the Champion of Chaos (Minotaur Fighter)    Turns: 23511, Time: 00:41:38

Health: -7/134     AC: -4    Str: 28    XL:     15   Next: 32%
Magic:  0/25       EV: 11    Int:  5    God:    Makhleb [******]
Gold:   1166       SH: 15    Dex:  9    Spells: 14/14 levels left

rFire    . . .     SeeInvis .   a - +4 war axe (freeze)
rCold    . . .     Gourm    .   m - +2 shield
rNeg     . . .     Faith    .   t - +0 plate armour
rPois    +         Spirit   +   P - +1 hat {MR+}
rElec    .         Reflect  .   h - +0 cloak
rCorr    .         Harm     .   u - +2 pair of gloves
MR       ++...                  p - +0 pair of boots
Stlth    ..........             E - amulet of guardian spirit
HPRegen  0.32/turn              s - ring of poison resistance
MPRegen  0.19/turn              (no ring)

@: corroded, drained
A: retaliatory headbutt, horns 2
a: Minor Destruction, Lesser Servant of Makhleb, Major Destruction, Greater
Servant of Makhleb, Renounce Religion


You were on level 1 of the Orcish Mines.
You worshipped Makhleb.
Makhleb was exalted by your worship.
You were very hungry.

You visited 4 branches of the dungeon, and saw 22 of its levels.

You collected 1166 gold pieces.

Inventory:

Hand Weapons
 a - a +4 war axe of freezing (weapon)
 b - a +1 hand axe of flaming
 B - a +1 war axe of electrocution
 K - a +0 vampiric battleaxe
Missiles
 S - 2 throwing nets (quivered)
Armour
 h - a +0 cloak (worn)
 m - a +2 shield (worn)
 p - a +0 pair of boots (worn)
 t - a +0 plate armour (worn)
 u - a +2 pair of gloves (worn)
 P - a +1 hat of magic resistance (worn)
 V - a +1 scale mail of cold resistance
Jewellery
 s - a ring of poison resistance (left hand)
 v - a +5 ring of strength
 A - a +3 amulet of reflection {unknown}
 E - an amulet of guardian spirit (around neck)
 Q - an uncursed ring of see invisible
Wands
 r - a wand of scattershot (9)
 x - a wand of flame (127)
 C - a wand of acid (5)
 D - a wand of digging (4)
 O - a wand of iceblast (4)
Scrolls
 c - 3 scrolls of identify
 g - 3 scrolls of fog
 i - a scroll of magic mapping {unknown}
 l - 8 scrolls of remove curse
 n - 4 scrolls of blinking
 q - 7 scrolls of teleportation
 y - 3 scrolls of vulnerability {unknown}
 z - a scroll of enchant armour
 F - 3 scrolls of fear {unknown}
 H - a scroll of enchant weapon
 M - 4 scrolls of immolation {unknown}
Potions
 d - 6 potions of might
 e - 9 potions of curing {unknown}
 j - 2 potions of ambrosia
 k - 4 potions of heal wounds
 o - 4 potions of agility
 w - 2 potions of haste
 G - a potion of flight {unknown}
 I - a potion of cancellation {unknown}
 J - a potion of brilliance
 L - a potion of berserk rage {unknown}
 N - 3 potions of lignification {unknown}
 W - 2 potions of invisibility {unknown}
 Y - 2 potions of resistance {unknown}
Miscellaneous
 T - a phantom mirror
Comestibles
 f - 30 rations


   Skills:
 + Level 12.7(12.0) Fighting
 + Level 13.5(12.8) Axes
 + Level 12.6(11.9) Armour
 + Level 11.2(10.5) Dodging
 - Level 12.1(11.3) Shields
 * Level 14.6(13.9) Invocations


You had 14 spell levels left.
You didn't know any spells.

Dungeon Overview and Level Annotations

Branches:
Dungeon (14/15)            Temple (1/1) D:7            Lair (6/6) D:9
  Swamp (0/4) Lair:4       Spider (0/4) Lair:4        Slime (0/5) Lair:5
    Orc (1/2) D:10         Vaults (0/5) D:13

Altars:
Ashenzari
Cheibriados
Dithmenos
Elyvilon
Fedhas
Gozag
Hepliaklqana
Kikubaaqudgha
Makhleb
Nemelex Xobeh
Okawaru
Qazlal
Ru
Sif Muna
Trog
Uskayaw
Vehumet
Wu Jian
Xom
Yredelemnul
Zin
The Shining One

Shops:
D:9 (   D:11 *


Innate Abilities, Weirdness & Mutations

You reflexively headbutt those who attack you in melee.
You have a pair of horns on your head.


Message History

* * * LOW HITPOINT WARNING * * *
The sixfirhy shocks you!
* * * LOW HITPOINT WARNING * * *
You block the sixfirhy's attack.
The orc priest miscasts a cantrip.
The orc wizard closely misses you.
The orc sorcerer hits you with a dagger!
* * * LOW HITPOINT WARNING * * *
The rust devil hits you.
* * * LOW HITPOINT WARNING * * *
The rust devil corrodes you!
Unknown command.
Unknown command.
Unknown command.
You feel much better. The sixfirhy hits you!
* * * LOW HITPOINT WARNING * * *
The sixfirhy shocks you!
* * * LOW HITPOINT WARNING * * *
The sixfirhy hits you!
You die...

####
####.#.##
........##
.......<.#
.........##
........3.#
..oo...o@##
.......o4o#
.........##
........4.
.....>....
.........#
.........#
..$......#


You could see a hellwing, a rust devil, a sixfirhy, an orc sorcerer, 2 orc
priests, an orc wizard and an orc.

Vanquished Creatures
  Rupert (Lair:4)
  Gastronok (Lair:3)
  3 dire elephants (Lair:6)
  Harold (D:12)
  An ogre mage (D:10)
  A rakshasa (D:14)
  Fannar (D:10)
  5 hydras
  An anaconda (Lair:6)
  A catoblepas (D:12)
  A centaur warrior (D:14)
  15 two-headed ogres
  A dancing weapon (D:13)
  Erica (D:9)
  2 tengu warriors
  Urug (D:10)
  A fire crab (Lair:6)
  5 skeletal warriors
  2 unseen horrors
  2 deep elf magi
  A wolf spider (D:14)
  6 ugly things
  3 cyclopes
  A wolf spider zombie (D:14)
  A black mamba (shapeshifter) (D:11)
  7 elephants (Lair:6)
  2 centaur zombies
  Joseph (D:8)
  A black mamba (Lair:1)
  2 gargoyles (D:11)
  8 spiny frogs
  2 rime drakes
  3 centaur skeletons
  4 tengu conjurers (D:13)
  4 komodo dragons
  2 polar bears
  The ghost of simples the Sneak, a novice SpEn (D:5)
  6 trolls
  32 blink frogs
  Prince Ribbit (Lair:2)
  2 dream sheep (D:8)
  18 hippogriffs
  6 slime creatures
  A shadow (D:13)
  A spriggan (shapeshifter) (D:13)
  A tarantella (Lair:4)
  4 wyverns
  38 yaks
  A wraith (D:14)
  3 vampires
  7 basilisks
  3 hungry ghosts
  A steam dragon (D:9)
  5 vampire mosquitoes (D:13)
  A soldier ant (D:12)
  11 water moccasins
  3 porcupines
  5 orc warriors
  2 ice beasts (D:10)
  2 sky beasts
  A black bear (D:11)
  A necrophage (D:8)
  4 phantoms
  10 ogres
  The ghost of mrmercer the Skirmisher, an amateur DsBe of Trog (D:3)
  The ghost of Pyrotika the Ducker, an amateur MiEn (D:4)
  7 centaurs
  22 wolves
  12 crocodiles
  7 big kobolds
  18 bullfrogs
  7 earth elementals (D:12)
  3 scorpions
  20 killer bees
  6 wights
  2 electric eels (D:9)
  3 howler monkeys (D:9)
  6 crimson imps
  2 quasits
  A bullfrog zombie (D:8)
  5 orc priests
  16 orc wizards
  10 hounds
  2 jellies
  2 iguanas
  5 hell rats (Lair:1)
  10 worker ants
  A hound skeleton (D:3)
  A worker ant zombie (D:8)
  A howler monkey skeleton (D:10)
  13 adders
  5 shadow imps
  An ooze (D:7)
  An adder zombie (D:5)
  4 worms
  2 dart slugs (D:2)
  4 leopard geckos
  31 orcs
  9 bats
  6 giant cockroaches
  9 goblins
  7 hobgoblins
  14 jackals
  2 quokkas (D:12)
  A ball python (D:2)
  5 frilled lizards
  A jackal skeleton (D:5)
  31 kobolds
  6 rats
  2 fungi
  9 plants
600 creatures vanquished.

Vanquished Creatures (collateral kills)
  Frances (D:13)
  A dire elephant (Lair:6)
  Snorg (Lair:4)
  2 hydras
  An elephant (Lair:6)
  2 spiny frogs
  3 blink frogs (Lair:4)
  A yak (Lair:6)
  2 wyverns (Lair:6)
  4 water moccasins
  A wolf (Lair:4)
  A crocodile (Lair:1)
  A big kobold (D:14)
  A killer bee (D:11)
  A kobold (D:14)
23 creatures vanquished.

Vanquished Creatures (others)
  A wizard (D:5)
  A killer bee (D:12)
  15 fungi
  7 plants
24 creatures vanquished.

Grand Total: 647 creatures vanquished

Notes
Turn   | Place    | Note
-------+----------+-------------------------------------------
     0 | D:1      | wojtek the Minotaur Fighter began the quest for the Orb.
     0 | D:1      | Reached XP level 1. HP: 19/19 MP: 0/0
   165 | D:1      | Reached XP level 2. HP: 26/26 MP: 1/1
   606 | D:2      | Reached XP level 3. HP: 26/31 MP: 2/2
   671 | D:2      | Reached skill level 5 in Axes
   904 | D:2      | Reached XP level 4. HP: 34/39 MP: 3/3
   991 | D:2      | Found a snail-covered altar of Cheibriados.
   991 | D:2      | Found a deep blue altar of Sif Muna.
   991 | D:2      | Found a glowing golden altar of the Shining One.
  1004 | D:2      | Found a burning altar of Makhleb.
  1008 | D:2      | Found a glowing silver altar of Zin.
  1066 | D:2      | Became a worshipper of Makhleb the Destroyer
  1167 | D:2      | Found a radiant altar of Vehumet.
  1522 | D:2      | Reached skill level 1 in Invocations
  1699 | D:3      | Noticed mrmercer's ghost (amateur DsBe)
  1708 | D:3      | Killed mrmercer's ghost
  1708 | D:3      | Reached skill level 2 in Invocations
  1708 | D:3      | Reached XP level 5. HP: 40/45 MP: 3/5
  1736 | D:2      | Reached skill level 3 in Invocations
  1840 | D:3      | Reached XP level 6. HP: 31/51 MP: 7/7
  1989 | D:3      | Found a bloodstained altar of Trog.
  2051 | D:3      | Reached * piety under Makhleb
  2503 | D:3      | Reached skill level 4 in Invocations
  2941 | D:4      | Reached XP level 7. HP: 51/58 MP: 9/9
  3007 | D:4      | Reached skill level 1 in Dodging
  3413 | D:4      | Noticed Pyrotika's ghost (amateur MiEn)
  3443 | D:4      | Killed Pyrotika's ghost
  3451 | D:4      | Found a sparkling altar of Nemelex Xobeh.
  3458 | D:4      | Found a shimmering altar of Xom.
  3671 | D:5      | Entered Level 5 of the Dungeon
  3719 | D:5      | Noticed simples's ghost (novice SpEn)
  4234 | D:5      | Reached skill level 5 in Invocations
  4302 | D:5      | Noticed a hippogriff
  4309 | D:5      | Killed a hippogriff
  4309 | D:5      | Reached XP level 8. HP: 67/67 MP: 9/11
  4381 | D:5      | Found a bloodstained altar of Trog.
  4382 | D:5      | Noticed a wizard
  4387 | D:5      | Killed a wizard
  4540 | D:5      | Found a hazy altar of Hepliaklqana.
  5263 | D:6      | Found a radiant altar of Vehumet.
  5334 | D:6      | Reached skill level 5 in Fighting
  5334 | D:6      | Reached skill level 5 in Shields
  5395 | D:6      | Reached ** piety under Makhleb
  5395 | D:6      | Reached skill level 5 in Armour
  5499 | D:6      | Reached skill level 6 in Invocations
  6258 | D:7      | Reached XP level 9. HP: 74/74 MP: 12/12
  6369 | D:7      | Found a staircase to the Ecumenical Temple.
  6389 | Temple   | Entered the Ecumenical Temple
  7415 | D:8      | Reached skill level 7 in Invocations
  7563 | D:8      | Noticed a three-headed hydra
  7581 | D:8      | Killed a three-headed hydra
  7606 | D:8      | Reached XP level 10. HP: 73/84 MP: 14/14
  7619 | D:8      | Reached skill level 5 in Dodging
  7619 | D:8      | Reached skill level 8 in Invocations
  7781 | D:8      | Found the +2 robe of Vines {NoPotionHeal Regen+7}
  7822 | D:8      | Noticed Joseph
  7833 | D:8      | Killed Joseph
  8054 | D:9      | Noticed a two-headed ogre
  8066 | D:9      | Killed a two-headed ogre
  8070 | D:9      | Reached *** piety under Makhleb
  8139 | D:9      | Reached skill level 9 in Invocations
  8159 | D:9      | Found a staircase to the Lair.
  8588 | D:9      | Found Goipt's Antique Weapon Boutique.
  8634 | D:9      | Noticed a two-headed ogre
  8645 | D:9      | Killed a two-headed ogre
  8645 | D:9      | Reached XP level 11. HP: 48/94 MP: 15/17
  8967 | D:9      | Noticed Erica
  8974 | D:9      | Killed Erica
  9008 | D:9      | Noticed a two-headed ogre
  9014 | D:9      | Killed a two-headed ogre
  9340 | D:5      | Found a hazy altar of Hepliaklqana.
  9538 | D:5      | Killed simples's ghost
  9538 | D:5      | Reached skill level 10 in Axes
  9655 | D:10     | Entered Level 10 of the Dungeon
  9669 | D:10     | Found a staircase to the Orcish Mines.
  9710 | D:10     | Noticed a brown ugly thing
  9720 | D:10     | Killed a brown ugly thing
  9915 | D:10     | Noticed Urug
 10258 | Lair:1   | Entered Level 1 of the Lair of Beasts
 10271 | Lair:1   | Noticed a seven-headed hydra
 10279 | Lair:1   | Killed a seven-headed hydra
 10375 | Lair:1   | Reached skill level 10 in Invocations
 10739 | Lair:1   | Reached **** piety under Makhleb
 11256 | Lair:2   | Noticed a five-headed hydra
 11283 | Lair:2   | Reached XP level 12. HP: 104/104 MP: 19/19
 11306 | Lair:2   | Killed a six-headed hydra
 11418 | Lair:2   | Noticed Prince Ribbit
 11443 | Lair:2   | Killed Prince Ribbit
 11494 | Lair:2   | Got a faintly glowing hand axe
 11495 | Lair:2   | Identified the cursed +1 hand axe of Typenob {drain, rN+ Stlth+} (You found it on level 2 of the Lair of Beasts)
 11561 | Lair:2   | Reached skill level 11 in Invocations
 12463 | Lair:3   | Noticed Gastronok
 12479 | Lair:3   | Killed Gastronok
 12479 | Lair:3   | Reached skill level 10 in Shields
 13035 | Lair:4   | Noticed Snorg
 13053 | Lair:4   | Killed Snorg
 13053 | Lair:4   | Reached skill level 10 in Fighting
 13339 | Lair:4   | Reached skill level 10 in Armour
 13396 | Lair:4   | Noticed Rupert
 13410 | Lair:4   | Killed Rupert
 13634 | Lair:4   | Found a staircase to the Swamp.
 13653 | Lair:4   | Found a hole to the Spider Nest.
 13690 | Lair:4   | Reached XP level 13. HP: 114/114 MP: 20/20
 13847 | Lair:4   | Reached skill level 12 in Invocations
 14500 | Lair:5   | Reached ***** piety under Makhleb
 14819 | Lair:5   | Found a staircase to the Slime Pits.
 15021 | Lair:6   | Entered Level 6 of the Lair of Beasts
 16128 | Lair:6   | Noticed a dire elephant
 16128 | Lair:6   | Noticed a dire elephant
 16161 | Lair:6   | Killed a dire elephant
 16162 | Lair:6   | Noticed a dire elephant
 16167 | Lair:6   | Killed a dire elephant
 16746 | Lair:6   | Killed a dire elephant
 16844 | Lair:6   | Noticed a dire elephant
 16860 | Lair:6   | Killed a dire elephant
 17009 | Lair:6   | Reached skill level 13 in Invocations
 17350 | D:10     | Reached XP level 14. HP: 120/124 MP: 20/22
 17436 | D:10     | Noticed Fannar
 17469 | D:10     | Killed Fannar
 17729 | D:10     | Reached skill level 10 in Dodging
 17778 | D:10     | Killed Urug
 17946 | D:11     | Found Sivymufuj's General Store.
 19587 | D:12     | Noticed Harold
 19625 | D:12     | Killed Harold
 20406 | D:12     | Reached ****** piety under Makhleb
 20406 | D:12     | Reached skill level 14 in Invocations
 21180 | D:13     | Reached XP level 15. HP: 115/134 MP: 19/24
 21400 | D:13     | Found a glowing golden altar of the Shining One.
 21460 | D:13     | Found an iron altar of Okawaru.
 21817 | D:13     | Noticed Frances
 21844 | D:13     | Killed Frances
 22075 | D:13     | Found a gate to the Vaults.
 23493 | Orc:1    | Entered Level 1 of the Orcish Mines
 23504 | Orc:1    | Paralysed by an orc sorcerer for 3 turns
 23511 | Orc:1    | Mangled by a sixfirhy

Skill      XL: |  1  2  3  4  5  6  7  8  9 10 11 12 13 14 15 |
---------------+----------------------------------------------+-----
Axes           | 3 4 5 6 7 8 9 10 11 12 13 | 13.5
Invocations    | 2 3 4 5 6 7 9 10 11 13 14 | 14.6
Fighting       | 4 5 6 8 9 10 11 12 | 12.7
Armour         | 4 5 6 7 9 10 11 12 | 12.6
Dodging        | 2 3 4 6 7 8 9 10 11 | 11.2
Shields        | 4 5 6 8 9 10 11 12 | 12.1

Action                   |  1- 3 |  4- 6 |  7- 9 | 10-12 | 13-15 || total
-------------------------+-------+-------+-------+-------+-------++-------
Melee: War axe           |    94 |   151 |   320 |   630 |  1392 ||  2587
       Headbutt          |    13 |    17 |    62 |   164 |   345 ||   601
       Hand axe          |       |       |       |       |    11 ||    11
Invok: Lesser Servant of |       |       |       |    14 |    16 ||    30
       Minor Destruction |       |       |       |       |     9 ||     9
       Greater Servant o |       |       |       |       |     1 ||     1
Evoke: Wand              |       |       |    15 |     4 |       ||    19
  Use: Scroll            |       |       |       |     6 |    11 ||    17
       Potion            |       |       |       |       |     1 ||     1
 Stab: Distracted        |       |       |       |     3 |     2 ||     5
  Eat: Chunk             |       |     7 |     8 |    19 |    31 ||    65
       Ration            |       |       |     2 |     1 |     1 ||     4
Armor: Scale mail        |    55 |    33 |       |       |       ||    88
       Plate armour      |       |    31 |   168 |   309 |   702 ||  1210
Dodge: Dodged            |    28 |    41 |    57 |   211 |   545 ||   882
Block: Shield            |    46 |    89 |   187 |   475 |  1061 ||  1858
